 Dungeon Crawl Stone Soup version 0.26-a0-651-gb41185065b (webtiles) character file.

Game seed: 16341010209378386390

436 Flugslaktarn the Chopper (level 7, -5/54 HPs)
             Began as a Human Fighter on Oct 26, 2020.
             Slain by a troll (8 damage)
             ... on level 4 of the Dungeon.
             The game lasted 00:02:12 (3753 turns).

Flugslaktarn the Chopper (Human Fighter)            Turns: 3753, Time: 00:02:13

Health: -5/54      AC: 13    Str: 16    XL:     7   Next: 21%
Magic:  7/7        EV:  4    Int:  9    God:
Gold:   245        SH:  9    Dex: 14    Spells: 6/6 levels left

rFire    . . .     SeeInvis .   a - +1 war axe
rCold    . . .     Faith    .   c - +0 kite shield
rNeg     . . .     Spirit   .   e - +0 chain mail
rPois    .         Reflect  .   i - +0 helmet
rElec    .         Harm     .   j - +0 cloak
rCorr    .         Rampage  .   (no gloves)
MR       .....     Rnd*Tele +   g - +0 pair of boots
Stlth    ..........             (no amulet)
HPRegen  0.18/turn              k - ring of teleportation (curse)
MPRegen  0.10/turn              f - ring of attention (curse)

@: mighty
A: no striking features
a: no special abilities


You were on level 4 of the Dungeon.
You visited 1 branch of the dungeon, and saw 4 of its levels.

You collected 245 gold pieces.

Inventory:

Hand Weapons
 a - a +1 war axe (weapon)
Armour
 b - a +0 scale mail
 c - a +0 kite shield (worn)
 e - a +0 chain mail (worn)
   (You found it on level 1 of the Dungeon)
 g - a +0 pair of boots (worn)
   (You found it on level 3 of the Dungeon)
 i - a +0 helmet (worn)
   (You found it on level 1 of the Dungeon)
 j - a +0 cloak (worn)
   (You found it on level 3 of the Dungeon)
Jewellery
 f - a cursed ring of attention (right hand)
   (You found it on level 3 of the Dungeon)
 k - a cursed ring of teleportation (left hand)
   (You found it on level 4 of the Dungeon)
Scrolls
 m - a scroll of immolation
 o - a scroll of enchant weapon
 r - 2 scrolls of identify
Potions
 h - a potion of haste
 l - a potion of mutation
 n - 2 potions of flight
 q - 6 potions of curing


   Skills:
 + Level 4.2 Fighting
 * Level 4.8 Axes
 + Level 4.2 Armour
 + Level 4.2 Shields


You had 6 spell levels left.
You didn't know any spells.
Your spell library was empty.

Dungeon Overview and Level Annotations

Branches:
Dungeon (4/15)
 Temple: D:4-7

Altars:
Qazlal
Wu Jian


Message History

You feel very mighty all of a sudden. The troll bites you.
You block the troll's attack. x2
You slash the troll!
The troll is heavily wounded.
The troll barely misses you. The troll claws you but does no damage.
You block the troll's attack.
You slash the troll!
The troll is severely wounded.
The troll bites you!
* * * LOW HITPOINT WARNING * * *
The troll completely misses you. The troll claws you but does no damage.
You barely miss the troll.
The troll is severely wounded.
You block the troll's attack. x2; The troll claws you but does no damage.
The troll bites you!
* * * LOW HITPOINT WARNING * * *
The troll claws you.
* * * LOW HITPOINT WARNING * * *
The troll claws you!
You die...

## ##...###...###...##...####...
##....###...###....##..#..#...
####..#..##.....##..#..##.#.†'...
..#..##..#...#...#..##..#.####'##
..#..###....###....###..#..# #..#
..#..###....###....###..#..# #..#
..#..####...###...####..#>.# ####
.....#################.....#
....## #...sT@...###....# ...###
#....###+##.##...# .....#
#....#...........# ..s..#
##...#.....##+#### .....#
#....#.....#....#
.....######....#.....+....#
#+##..#[..##s..'.....#..(.#
#....#s..>.....#.....#....#
#....#)).......#.....#....#


You could see a troll and a scorpion.

Vanquished Creatures
  A scorpion (D:4)
  A howler monkey (D:4)
  2 hounds (D:4)
  2 orc wizards
  Ijyb (D:3)
  3 gnolls (D:3)
  10 adders
  2 worms
  A dart slug (D:1)
  2 leopard geckos
  7 orcs
  8 bats
  5 giant cockroaches
  2 goblins
  8 hobgoblins
  2 jackals (D:3)
  6 kobolds
  2 quokkas
  8 ball pythons
  5 frilled lizards
  8 rats
86 creatures vanquished.

Notes
Turn   | Place    | Note
-------+----------+-------------------------------------------
     0 | D:1      | Flugslaktarn the Human Fighter began the quest for the Orb.
     0 | D:1      | Reached XP level 1. HP: 18/18 MP: 1/1
   123 | D:1      | Reached XP level 2. HP: 22/24 MP: 2/2
   751 | D:2      | Reached XP level 3. HP: 29/29 MP: 3/3
  1282 | D:2      | Found an ornate altar of the Wu Jian Council.
  1344 | D:2      | Found a stormy altar of Qazlal.
  1532 | D:3      | Reached XP level 4. HP: 35/35 MP: 4/4
  1548 | D:3      | Noticed Ijyb
  1564 | D:3      | Killed Ijyb
  1606 | D:3      | Reached XP level 5. HP: 35/41 MP: 5/5
  2630 | D:4      | Reached XP level 6. HP: 40/48 MP: 6/6
  3098 | D:4      | Noticed a troll
  3471 | D:4      | Reached XP level 7. HP: 54/54 MP: 7/7
  3753 | D:4      | Slain by a troll

Illustrated notes

Levels and vault maps discovered:
D:1:      saegor_arrival_under_anarchy, layout_basic, minmay_domino_2
D:2:      layout_loops_ring, lemuel_round_altar, nicolae_overflow_hidden_temple
D:3:      layout_basic, uniq_ijyb
D:4:      layout_gridville, gammafunk_temple_overflow_claw,
          hangedman_glass_teeth, minivault_23, minmay_snake_closets

Skill      XL: |  1  2  3  4  5  6 |
---------------+-------------------+-----
Axes           | 3 4 |  4.8
Fighting       | 4 |  4.2
Armour         | 4 |  4.2
Shields        | 4 |  4.2

Action                   |  1- 3 |  4- 6 |  7- 9 || total
-------------------------+-------+-------+-------++-------
Melee: War axe           |    85 |   192 |    30 ||   307
  Use: Scroll            |     9 |     2 |       ||    11
       Potion            |       |       |     1 ||     1
Armor: Chain mail        |    64 |   140 |    21 ||   225
       Scale mail        |     1 |       |       ||     1
Dodge: Dodged            |    18 |    26 |    14 ||    58
Block: Kite shield       |    31 |   126 |    29 ||   186

Table legend: (Time is in decaauts)
 A = Elapsed time spent in this place.
 B = Non-inter-level travel time spent in this place.
 C = Inter-level travel time spent in this place.
 D = Time resting spent in this place.
 E = Time spent auto-exploring this place.
 F = Levels seen in this place.
 G = Mean time per level.
                   A        B        C        D        E       F      G
               +--------+--------+--------+--------+--------+-----+--------+
         Total |   3872 |   3786 |     86 |    348 |   2611 |   4 |  968.0 |
       Dungeon |   3872 |   3786 |     86 |    348 |   2611 |   4 |  968.0 |
               +--------+--------+--------+--------+--------+-----+--------+

Top non-repeatable levels by time:
     D:3: 1176 daAuts
     D:4: 1171 daAuts
     D:2: 834 daAuts
     D:1: 691 daAuts
